 Dungeon Crawl Stone Soup version 0.31-a0-702-gf82c85558f (webtiles) character file.

Game seed: 4132222741715722280

2604 qw the Skirmisher (level 9, -4/57 HPs)
             Began as a Gargoyle Hunter on Sept 8, 2023.
             Was a Follower of Okawaru.
             Slain by an unseen horror (6 damage)
             ... on level 7 of the Dungeon.
             The game lasted 00:02:11 (4991 turns).

qw the Skirmisher (Gargoyle Hunter)                 Turns: 4991, Time: 00:02:11

Health: -4/57      AC: 14    Str: 16    XL:     9   Next: 59%
Magic:  9/9        EV: 11    Int:  9    God:    Okawaru [*.....]
Gold:   194        SH:  0    Dex: 17    Spells: 8/8 levels left

rFire   . . .        Y - +4 orcbow (elec)
rCold   + . .        (shield currently unavailable)
rNeg    + . .        i - +0 ring mail
rPois   inf          b - +0 helmet
rElec   +            (no cloak)
rCorr   .            g - +0 pair of gloves
SInv    .            (no boots)
Will    .....        (no amulet)
Stlth   +            m - ring of protection from cold
HPRegen 0.29/turn    (no ring)
MPRegen 0.11/turn

%: no passive effects
@: no status effects
A: sickness immunity, AC +6, negative energy resistance 1, electricity
resistance, torment resistance 1, petrification resistance
a: Renounce Religion, Heroism


You were on level 7 of the Dungeon.
You worshipped Okawaru.
Okawaru was aware of your devotion.
You visited 2 branches of the dungeon, and saw 8 of its levels.

You collected 194 gold pieces.


Innate Abilities, Weirdness & Mutations

You are immune to sickness and miasma.
Your stone body is resilient. (AC +6)
You are immune to poison.
You resist negative energy. (rN+)
You are resistant to electric shocks. (rElec)
You are resistant to unholy torment.
You are immune to petrification.


   Skills:
 - Level 7.0 Fighting
 - Level 11.3 Ranged Weapons
 - Level 3.0 Armour
 + Level 2.1 Dodging
 - Level 1.1 Stealth
 + Level 0.0 Invocations


You had 8 spell levels left.
You didn't know any spells.
Your spell library was empty.

Inventory:

Hand Weapons
 Y - a +4 orcbow of electrocution (weapon)
Armour
 b - a +0 helmet (worn)
 g - a +0 pair of gloves (worn)
 i - a +0 ring mail (worn)
 o - the +1 ring mail of the Hippogriff {Harm}
   (You found it on level 6 of the Dungeon)

   Harm:      It increases damage dealt and taken.
Jewellery
 m - a ring of protection from cold (left hand)
Scrolls
 e - a scroll of identify
Potions
 a - a potion of haste {unknown}
 c - a potion of invisibility {unknown}
 d - 3 potions of curing
 f - a potion of enlightenment
 h - a potion of mutation {unknown}
 j - a potion of magic {unknown}
 k - a potion of attraction {unknown}
 l - a potion of berserk rage {unknown}
 n - a potion of heal wounds {unknown}

Dungeon Overview and Level Annotations

Branches:
Dungeon (7/15)             Temple (1/1) D:6

Altars:
Ashenzari
Cheibriados
Dithmenos
Elyvilon
Fedhas
Gozag
Hepliaklqana
Kikubaaqudgha
Makhleb
Nemelex Xobeh
Okawaru
Qazlal
Ru
Sif Muna
Trog
Uskayaw
Vehumet
Wu Jian
Xom
Yredelemnul
Zin
The Shining One

Annotations:
D:2 exclusion: quokka
D:3 1 runed translucent door, Crazy Yiuf
D:4 2 transporters


Message History

The two-headed ogre is severely wounded.
Something hits you but does no damage.
You shoot an arrow. The arrow hits the two-headed ogre!
The two-headed ogre is almost dead.
Something hits you but does no damage. The two-headed ogre misses you.
The two-headed ogre hits you with a +0 great mace!
You shoot an arrow. The arrow hits the two-headed ogre!
You kill the two-headed ogre!
Okawaru is honoured by your kill.
You can now gain great but temporary skills.
Something hits you but does no damage.
Your Ranged Weapons skill increases to level 11!
You shoot an arrow. The arrow hits the plant.
The plant begins to die.
The plant is lightly damaged.
Something hits you.
You shoot an arrow. The arrow hits the plant!
The plant is lightly damaged.
Something hits you.
Something hits you but does no damage. x2
You shoot an arrow. The arrow hits the plant.
The plant is lightly damaged.
Something hits you but does no damage.
You shoot an arrow. The arrow hits the plant.
The plant is lightly damaged.
Something hits you!
You shoot an arrow. The arrow hits the plant!
The plant is lightly damaged.
A nearby plant withers and dies.
Something completely misses you.
You shoot an arrow. Something hits you. Something hits you but does no damage.
You shoot an arrow. Something hits you but does no damage.
You shoot an arrow. Something hits you but does no damage.
You shoot an arrow. Something hits you but does no damage.
You shoot an arrow. Something hits you but does no damage.
You shoot an arrow. Something hits you.
You die...

### #.. #.###########
#.#.......:.# #
#.##.######.# .#
#.##.#......#..#.##
#...PP..###@)......
######..P~.P........#.#.
.......PP~P~P~...#.##
#####.~~~7P77~P~.....
.......~~7777~~P....#.
#####.P~~7 7~~P....# ..
.......P77 7~~...... .
.#####.~~7 ~~~####.##
<......~PP~~~


There were no monsters in sight!

Vanquished Creatures
  A two-headed ogre (D:7)
  Grinder (D:4)
  Menkaure (D:5)
  2 sky beasts
  A centaur (D:3)
  2 phantoms
  7 scorpions
  A howler monkey (D:6)
  A jelly (D:4)
  5 orc priests (D:5)
  9 hounds
  A sleepcap (D:5)
  3 iguanas
  3 orc wizards
  3 gnolls (D:6)
  8 adders
  A white imp (D:5)
  3 worms
  A dart slug (D:2)
  27 orcs
  10 ball pythons
  5 endoplasms
  2 giant cockroaches
  13 hobgoblins
  3 jackals
  6 quokkas
  7 bats
  3 frilled lizards
  5 goblins
  4 kobolds
  3 rats (D:3)
142 creatures vanquished.

Notes
Turn   | Place    | Note
-------+----------+-------------------------------------------
     0 | D:1      | qw the Gargoyle Hunter began the quest for the Orb.
     0 | D:1      | Reached XP level 1. HP: 12/12 MP: 1/1
     0 | D:1      | 0 ||| qw: Version: 0.3-a-76-g4403597
     0 | D:1      | 0 ||| qw: Game counter: 1006
     0 | D:1      | 0 ||| qw: Melee chars always use a shield: true
     0 | D:1      | 0 ||| qw: God list: Okawaru
     0 | D:1      | 0 ||| qw: Allow faded altars: false
     0 | D:1      | 0 ||| qw: Do Orc after clearing Dungeon:15 true
     0 | D:1      | 0 ||| qw: Do second Lair branch before Depths: true
     0 | D:1      | 0 ||| qw: Lair rune preference: random
     0 | D:1      | 0 ||| qw: Goals: Normal
     0 | D:1      | 0 ||| PLANNING D:1-11
   425 | D:1      | Reached XP level 2. HP: 17/17 MP: 2/2
   978 | D:1      | 978 ||| READING scroll labelled XUPAKH GEON.
   979 | D:1      | 979 ||| READING 3 scrolls labelled HIMEIMIYHA.
   980 | D:1      | 980 ||| READING 2 scrolls of identify.
   980 | D:1      | 980 ||| IDENTIFYING orange potion
   981 | D:1      | 981 ||| DROPPING scroll of butterflies.
  1049 | D:2      | Reached skill level 5 in Ranged Weapons
  1049 | D:2      | Reached XP level 3. HP: 20/21 MP: 3/3
  1195 | D:2      | Reached skill level 3 in Fighting
  1217 | D:2      | 1217 ||| UPGRADING to +0 helmet.
  1397 | D:2      | Reached XP level 4. HP: 28/28 MP: 4/4
  1454 | D:2      | 1454 ||| DRINKING 3 fizzy silvery potions.
  1480 | D:3      | 1480 ||| STAIRDANCE
  1521 | D:3      | 1521 ||| STAIRDANCE
  1561 | D:3      | Found a shimmering blue altar of Sif Muna.
  1683 | D:3      | Noticed a centaur
  1692 | D:3      | Killed a centaur
  1693 | D:3      | Reached skill level 6 in Ranged Weapons
  1693 | D:3      | Reached XP level 5. HP: 12/32 MP: 5/5
  1775 | D:3      | 1775 ||| SWAPPING to +0 orcbow.
  1776 | D:3      | 1776 ||| DROPPING +0 shortbow.
  1899 | D:3      | Reached skill level 1 in Armour
  1922 | D:3      | Found a glowing golden altar of the Shining One.
  1930 | D:3      | Noticed an angel
  2058 | D:3      | Found a basalt altar of Yredelemnul.
  2060 | D:3      | Noticed a profane servitor
  2145 | D:3      | Found a bloodstained altar of Trog.
  2150 | D:3      | Found a hide-covered altar of Uskayaw.
  2150 | D:3      | Found an ancient bone altar of Kikubaaqudgha.
  2163 | D:3      | Found a blossoming altar of Fedhas.
  2166 | D:3      | Found an ornate altar of the Wu Jian Council.
  2212 | D:3      | Found a runed translucent door.
  2213 | D:3      | Noticed Crazy Yiuf
  2216 | D:3      | 2216 ||| UPGRADING to +0 pair of gloves.
  2221 | D:3      | 2221 ||| UPGRADING to +0 ring mail.
  2231 | D:3      | 2231 ||| DROPPING +0 leather armour.
  2232 | D:3      | 2232 ||| READING 3 scrolls labelled FETIHA HINUIGE.
  2233 | D:3      | 2233 ||| READING 2 scrolls of enchant weapon.
  2233 | D:3      | 2233 ||| ENCHANTING +1 orcbow.
  2234 | D:3      | 2234 ||| READING scroll of enchant weapon.
  2234 | D:3      | 2234 ||| ENCHANTING +2 orcbow.
  2293 | D:4      | 2293 ||| STAIRDANCE
  2406 | D:4      | Noticed Grinder
  2407 | D:4      | 2407 ||| STAIRDANCE
  2543 | D:4      | Paralysed by Grinder for 4 turns
  2548 | D:4      | Paralysed by Grinder for 2 turns
  2550 | D:4      | Killed Grinder
  2551 | D:4      | Reached XP level 6. HP: 32/40 MP: 6/6
  2551 | D:4      | 2551 ||| STAIRDANCE
  2733 | D:4      | Reached XP level 7. HP: 44/44 MP: 7/7
  2827 | D:4      | Reached skill level 7 in Ranged Weapons
  2841 | D:4      | Found a shadowy altar of Dithmenos.
  3082 | D:4      | Found a transporter.
  3088 | D:4      | Identified the +1 scale mail of Fysk {+Inv rElec}
  3128 | D:4      | Found a transporter.
  3273 | D:4      | 3273 ||| UPGRADING to ring of protection from cold.
  3274 | D:4      | 3274 ||| READING scroll labelled JAWUET SAOHOIJ.
  3275 | D:4      | 3275 ||| READING scroll labelled NASIKO BYWK.
  3276 | D:4      | 3276 ||| READING scroll labelled COMAG BEG ODAD.
  3277 | D:4      | 3277 ||| READING scroll labelled BILEHI TISUE.
  3293 | D:5      | Entered Level 5 of the Dungeon
  3293 | D:5      | Noticed Menkaure
  3298 | D:5      | 3298 ||| STAIRDANCE
  3309 | D:5      | Killed Menkaure
  3310 | D:5      | Reached skill level 8 in Ranged Weapons
  3310 | D:5      | Reached XP level 8. HP: 44/50 MP: 8/8
  3310 | D:5      | 3310 ||| STAIRDANCE
  3414 | D:5      | 3414 ||| RETREATING.
  3415 | D:5      | 3415 ||| Stepping ~*~*~tactically~*~*~ (retreating).
  3429 | D:5      | HP: 12/50 [orc priest/divine providence (14)]
  3631 | D:5      | 3631 ||| RETREATING.
  3632 | D:5      | 3632 ||| Stepping ~*~*~tactically~*~*~ (retreating).
  3655 | D:5      | HP: 10/50 [orc/+0 hand axe (5)]
  3659 | D:5      | Reached skill level 9 in Ranged Weapons
  3689 | D:5      | 3689 ||| FLEEEEING.
  3903 | D:5      | Reached skill level 6 in Fighting
  4461 | D:5      | 4461 ||| READING scroll labelled MAFFU YTAPP.
  4462 | D:5      | 4462 ||| READING scroll labelled ZOREQA YFIONUG.
  4544 | D:6      | Reached skill level 10 in Ranged Weapons
  4574 | D:6      | Reached XP level 9. HP: 55/55 MP: 9/9
  4579 | D:6      | Reached skill level 3 in Armour
  4581 | D:6      | 4581 ||| FLEEEEING.
  4588 | D:6      | 4588 ||| DRINKING 4 potions of curing.
  4588 | D:6      | 4588 ||| (to cure confusion)
  4592 | D:6      | 4592 ||| DRINKING 3 potions of curing.
  4592 | D:6      | 4592 ||| (to cure confusion)
  4755 | D:6      | Found a staircase to the Ecumenical Temple.
  4756 | D:6      | 4756 ||| PLANNING TEMPLE
  4771 | Temple   | Entered the Ecumenical Temple
  4772 | Temple   | 4772 ||| PLANNING OKAWARU WORSHIP
  4784 | Temple   | Became a worshipper of Warmaster Okawaru
  4785 | Temple   | 4785 ||| PLANNING D:1-11
  4803 | D:6      | 4803 ||| READING scroll of enchant weapon.
  4803 | D:6      | 4803 ||| ENCHANTING +3 orcbow of electrocution.
  4832 | D:6      | Identified the +1 ring mail of the Hippogriff {Harm}
  4973 | D:7      | Noticed a two-headed ogre
  4980 | D:7      | Killed a two-headed ogre
  4980 | D:7      | Reached * piety under Okawaru
  4981 | D:7      | Reached skill level 11 in Ranged Weapons
  4982 | D:7      | HP: 12/57 [something (6)]
  4986 | D:7      | HP: 1/57 [something (6)]
  4991 | D:7      | Slain by an unseen horror

Levels and vault maps discovered:
D:1:      dpeg_arrival_tiny_h, layout_basic
D:2:      layout_rooms, hellmonk_ecumenical_altar_watching_god,
          chequers_big_river, grunt_ministairs_2, minmay_misc_feat_iff
D:3:      layout_rooms, grunt_temple_overflow_holy_war,
          nicolae_sif_muna_condensation, minmay_overflow_temple_star_hex,
          serial_curves, eino_curves_04, eino_curves_02, eino_curves_01,
          st_stairs_9, uniq_crazy_yiuf_cottage
D:4:      layout_basic, nicolae_dithmenos_shadow_blocks,
          gammafunk_ghost_gnarly_gnolls, uniq_grinder
D:5:      layout_loops_ring, uniq_menkaure
D:6:      layout_rooms, minmay_temple_entry_sparse_star
D:7:      layout_basic, serial_bayou, serial_bayou_crossing,
          serial_bayou_pond_c, serial_bayou_ford_a, serial_bayou_pond_d
Temple:   nicolae_temple_ecumenical_triangle

Skill      XL: |  1  2  3  4  5  6  7  8  9 |
---------------+----------------------------+-----
Ranged Weapons | 5 6 8 10 11 | 11.3
Fighting       | 3 5 6 7 |  7.0
Armour         | 1 2 3 |  3.0
Dodging        | 2 |  2.1
Stealth        | |  1.1

Action                     |  1- 3 |  4- 6 |  7- 9 || total
---------------------------+-------+-------+-------++-------
   Fire: Shortbow          |    98 |    41 |       ||   139
         Orcbow            |       |    87 |   299 ||   386
    Use: Scroll            |     3 |     3 |     7 ||    13
         Potion            |       |     1 |     2 ||     3
 Armour: Leather armour    |    25 |    44 |       ||    69
         Ring mail         |       |     9 |   155 ||   164
  Dodge: Dodged            |    25 |    38 |   103 ||   166

Table legend:
 A = Non-vault XP
 B = Vault XP
 C = Vault XP percentage of total XP
 D = Non-vault monster count
 E = Vault monster count
 F = Vault count percentage of total count
                 A         B        C        D         E       F
            +---------+---------+-------+---------+---------+-------
      Total |    3269 |     451 |  12.1 |     136 |       6 |   4.2
            +---------+---------+-------+---------+---------+-------
        D:1 |      16 |       0 |   0.0 |      10 |       0 |   0.0
        D:2 |      76 |       6 |   7.3 |      21 |       2 |   8.7
        D:3 |     167 |       3 |   1.8 |      29 |       2 |   6.5
        D:4 |     501 |     277 |  35.6 |      24 |       1 |   4.0
        D:5 |     907 |     165 |  15.4 |      29 |       1 |   3.3
        D:6 |     649 |       0 |   0.0 |      21 |       0 |   0.0
        D:7 |     953 |       0 |   0.0 |       2 |       0 |   0.0
            +---------+---------+-------+---------+---------+-------
